 Dungeon Crawl Stone Soup version 0.30.1-11-g7821555f0a (console) character file.

Game seed: 8151603207874709038

4991 Wentworth the Martial Artist (level 10, -1/114 HPs)
             Began as a Gnoll Transmuter on Dec 12, 2023.
             Was a Follower of Cheibriados.
             Succumbed to a killer bee's poison
             ... on level 9 of the Dungeon on Dec 14, 2023.
             The game lasted 00:53:28 (7628 turns).

Wentworth the Martial Artist (Gnoll Transmuter)     Turns: 7628, Time: 00:53:28

Health: -1/114     AC: 25    Str: 14    XL:     10   Next: 54%
Magic:  18/21      EV:  2    Int: 18    God:    Cheibriados [*.....]
Gold:   429        SH:  0    Dex: 16    Spells: 11/24 levels left

rFire   . .          .
                       - Unarmed
rCold   . . .        m - orb {light}
rNeg    + . .        N - melded +1 robe {Will+}
rPois   +            d - melded +2 hat
rElec   .            (cloak currently unavailable)
rCorr   .            (gloves currently unavailable)
SInv    .            C - melded +0 pair of boots
Will    .....        (no amulet)
Stlth   ++           M - ring of positive energy
HPRegen 0.39/turn    A - ring of wizardry
MPRegen 0.17/turn

%: wizardry (x1)
@: lethally poisoned (-1 -> -30), tree-form, wereblooded, glowing, very slow
A: stationary, stasis, torment immunity, boosted hp, (fangs 1), strong nose,
distributed training
a: Renounce Religion, Bend Time


You were on level 9 of the Dungeon.
You worshipped Cheibriados.
Cheibriados was aware of your devotion.
You were a tree.
You visited 2 branches of the dungeon, and saw 10 of its levels.
You also visited: Ossuary.

You collected 429 gold pieces.

Inventory:

Hand Weapons
 c - a +0 sling
 w - a +2 hand axe of pain
 z - a +1 war axe of venom
 Q - a +1 great sword
 R - a +1 dagger
 T - a +0 shortbow
Missiles
 j - 55 stones
 o - 16 poisoned darts
 I - 2 boomerangs
 J - 5 datura-tipped darts
 P - 10 javelins
Armour
 d - a +2 hat (melded)
 m - an orb of light (worn)
 n - a +0 leather armour
 q - a +0 kite shield
 s - a +0 ring mail
 B - a +0 helmet
 C - a +0 pair of boots (melded)
 N - a +1 robe of willpower (melded)
 S - a scarf of shadows
Magical Staves
 a - the staff of poison "Isyeg" {rElec rPois Will+ Dex+5}
   (You found it on level 8 of the Dungeon)

   [staff of poison]

   Base accuracy: +5 Base damage: 5 Base attack delay: 1.2 This weapon's minimum
   attack delay (0.6) is reached at skill level 12.
   Dex:       It affects your dexterity (+5).
   rElec:     It insulates you from electricity.
   rPois:     It protects you from poison.
   Will:      It increases your willpower.
   It falls into the 'Staves' category.
   It is a one-handed weapon.
Jewellery
 y - a ring of see invisible
 A - a ring of wizardry (right branch)
 M - a ring of positive energy (left branch)
Wands
 U - a wand of digging (5)
 Z - a wand of mindburst (16)
Scrolls
 e - 5 scrolls of noise {unknown}
 h - a scroll of fear {unknown}
 i - 4 scrolls of blinking {unknown}
 l - 4 scrolls of poison {unknown}
 p - 11 scrolls of identify {unknown}
 r - a scroll of acquirement {unknown}
 u - 2 scrolls of butterflies {unknown}
 v - a scroll of immolation {unknown}
 D - 3 scrolls of vulnerability {unknown}
 F - a scroll of magic mapping {unknown}
 H - 4 scrolls of teleportation {unknown}
 K - a scroll of enchant armour {unknown}
 V - a scroll of brand weapon {unknown}
 W - 4 scrolls of enchant weapon {unknown}
 X - a scroll of amnesia {unknown}
Potions
 b - 2 potions of lignification
 f - 2 potions of attraction {unknown}
 g - a potion of resistance {unknown}
 k - 2 potions of flight {unknown}
 t - 4 potions of berserk rage {unknown}
 x - 3 potions of ambrosia {unknown}
 E - a potion of cancellation {unknown}
 G - 3 potions of curing {unknown}
 L - a potion of degeneration {unknown}
 O - 2 potions of brilliance {unknown}


   Skills:
 + Level 6.2 Fighting
 + Level 5.6 Short Blades
 + Level 5.6 Long Blades
 + Level 5.6 Axes
 + Level 5.6 Maces & Flails
 + Level 5.6 Polearms
 + Level 5.6 Staves
 + Level 5.6 Ranged Weapons
 + Level 5.6 Throwing
 + Level 5.6 Armour
 + Level 7.3 Dodging
 + Level 5.6 Stealth
 + Level 5.6 Shields
 + Level 8.7 Unarmed Combat
 + Level 7.6 Spellcasting
 + Level 4.6 Conjurations
 + Level 4.6 Hexes
 + Level 4.6 Summonings
 + Level 4.6 Necromancy
 + Level 4.6 Translocations
 + Level 6.0 Transmutations
 + Level 4.6 Fire Magic
 + Level 4.6 Ice Magic
 + Level 4.6 Air Magic
 + Level 4.6 Earth Magic
 + Level 4.6 Poison Magic
 + Level 6.1 Invocations
 + Level 5.6 Evocations


You had 11 spell levels left.
You knew the following spells:

 Your Spells              Type           Power      Damage    Failure   Level
a - Beastly Appendage     Tmut           56%        N/A       1%          1
b - Wereblood             Tmut           28%        N/A       1%          2
c - Spider Form           Tmut/Pois      26%        N/A       1%          3
d - Ice Form              Ice/Tmut       26%        N/A       4%          4
e - Frozen Ramparts       Ice            46%        1d7       1%          3

Your spell library contained the following spells:

 Spells                   Type           Power      Damage    Failure   Level
 Freeze                   Ice            92%        1d9       1%          1
 Shock                    Conj/Air       92%        1d8       1%          1
 Sting                    Tmut/Pois      100%       1d8       1%          1
 Poisonous Vapours        Pois/Air       46%        N/A       1%          2
 Hailstorm                Conj/Ice       23%        3d7       1%          3
 Swiftness                Air            23%        N/A       1%          3
 Airstrike                Air            11%        2d(2-18)  6%          4
 Olgreb's Toxic Radiance  Pois           23%        N/A       6%          4


Dungeon Overview and Level Annotations

Branches:
Dungeon (9/15)             Temple (1/1) D:4         Ossuary (visited)
   Lair: D:8-11         Orc: D:9-12

Altars:
Ashenzari
Cheibriados
Dithmenos
Elyvilon
Fedhas
Hepliaklqana
Kikubaaqudgha
Makhleb
Nemelex Xobeh
Okawaru
Qazlal
Ru
Sif Muna
Trog
Vehumet
Wu Jian
Yredelemnul
Zin
The Shining One

Shops:
D:3 ?   D:4 [(


Innate Abilities, Weirdness & Mutations

You are a tree.
Your roots penetrate the ground, keeping you stationary.
You cannot be teleported.
You are immune to unholy pain and torment.
Your maximum health is greatly increased.
Your equipment is partially melded.
((You have very sharp teeth.))
Your uncanny sense of smell can sniff out nearby items.
Your experience applies equally to all skills.


Message History

The killer bee completely misses you. The orc priest closely misses you.
The killer bee stings you.
* * * LOW HITPOINT WARNING * * *
The killer bee stings you.
* * * LOW HITPOINT WARNING * * *
You feel much better.
You feel very sick. The killer bee misses you. The killer bee stings you.
* * * LOW HITPOINT WARNING * * *
You are lethally poisoned!
The killer bee poisons you! The killer bee misses you.
The orc priest calls down the wrath of Beogh upon you.
You easily resist.
You punch the orc priest!
You feel a bit better.
You kill the orc priest!
Cheibriados appreciates the change of pace.
* * * LOW HITPOINT WARNING * * *
You feel very sick. The killer bee stings you.
* * * LOW HITPOINT WARNING * * *
You are more poisoned.
The killer bee poisons you!
The killer bee stings you but does no damage.
The killer bee stings you.
* * * LOW HITPOINT WARNING * * *
You are more poisoned.
The killer bee poisons you!
You punch the killer bee!
The killer bee is almost dead.
* * * LOW HITPOINT WARNING * * *
You feel very sick. The killer bee closely misses you.
The killer bee stings you.
* * * LOW HITPOINT WARNING * * *
The killer bee completely misses you. The killer bee barely misses you.
Really quaff the potion of lignification?
You turn into a tree.
Your +2 hat melds into your body.
Your +0 pair of boots melds into your body.
Your +1 robe of willpower melds into your body.
You feel less strong-willed.
Your roots penetrate the ground.
You die...

§≈≈...........
..............
..............
.............
.........)..
...........
#)y........
#♣yD.......
#.y........
#..........
#..........
#####..........
...............
.......<.......
...............
...############


You could see a steam dragon and 3 killer bees.

Vanquished Creatures
  Prince Ribbit (D:6)
  Grum (D:8)
  2 steam dragons
  3 water moccasins
  An orc warrior (D:6)
  An ice beast (D:6)
  A black bear (D:7)
  4 sky beasts
  3 wolves (D:8)
  A centaur (D:7)
  A phantom (D:5)
  2 elf zombies (Ossuary)
  3 bullfrogs (D:7)
  5 elf skeletons (D:8)
  5 scorpions
  3 wights (D:7)
  12 killer bees (D:8)
  5 howler monkeys
  7 centaur zombies (Ossuary)
  2 jellies
  4 orc priests
  2 hounds
  4 human zombies
  3 human skeletons (D:8)
  12 orc wizards
  3 mummies (Ossuary)
  7 gnolls
  8 adders
  A shadow imp (D:8)
  A white imp (D:7)
  An ufetubus (D:6)
  A worm (D:5)
  A dart slug (D:1)
  28 orcs
  3 bats
  10 endoplasms
  6 giant cockroaches
  10 goblins
  11 hobgoblins
  4 jackals (D:2)
  8 kobolds
  4 quokkas
  4 ball pythons
  3 frilled lizards (D:1)
  2 orc skeletons (D:8)
  4 rats
208 creatures vanquished.

Notes
Turn   | Place    | Note
-------+----------+-------------------------------------------
     0 | D:1      | Wentworth the Gnoll Transmuter began the quest for the Orb.
     0 | D:1      | Reached XP level 1. HP: 17/17 MP: 6/6
   148 | D:1      | Reached XP level 2. HP: 20/23 MP: 7/7
   241 | D:1      | Learned a level 2 spell: Wereblood
   448 | D:1      | Reached skill level 5 in Spellcasting
   448 | D:1      | Reached XP level 3. HP: 28/28 MP: 7/9
   460 | D:1      | Reached skill level 1 in Invocations
   625 | D:2      | Reached skill level 1 in Short Blades
   625 | D:2      | Reached skill level 1 in Long Blades
   625 | D:2      | Reached skill level 1 in Axes
   625 | D:2      | Reached skill level 1 in Maces & Flails
   625 | D:2      | Reached skill level 1 in Polearms
   625 | D:2      | Reached skill level 1 in Staves
   625 | D:2      | Reached skill level 1 in Ranged Weapons
   625 | D:2      | Reached skill level 1 in Throwing
   625 | D:2      | Reached skill level 1 in Armour
   625 | D:2      | Reached skill level 1 in Stealth
   625 | D:2      | Reached skill level 1 in Shields
   625 | D:2      | Reached skill level 1 in Evocations
   631 | D:2      | Learned a level 3 spell: Spider Form
   715 | D:2      | Reached XP level 4. HP: 34/34 MP: 11/11
   983 | D:2      | Found a stormy altar of Qazlal.
  1174 | D:2      | Learned a level 4 spell: Ice Form
  1205 | D:2      | Reached skill level 1 in Conjurations
  1205 | D:2      | Reached skill level 1 in Hexes
  1205 | D:2      | Reached skill level 1 in Summonings
  1205 | D:2      | Reached skill level 1 in Necromancy
  1205 | D:2      | Reached skill level 1 in Translocations
  1205 | D:2      | Reached skill level 1 in Fire Magic
  1205 | D:2      | Reached skill level 1 in Ice Magic
  1205 | D:2      | Reached skill level 1 in Air Magic
  1205 | D:2      | Reached skill level 1 in Earth Magic
  1205 | D:2      | Reached skill level 1 in Poison Magic
  1629 | D:3      | Reached XP level 5. HP: 30/40 MP: 8/12
  1846 | D:3      | Found Mygugy's Magic Scroll Boutique.
  2270 | D:4      | Reached XP level 6. HP: 32/47 MP: 14/14
  2314 | D:4      | Reached skill level 5 in Dodging
  2451 | D:4      | Found a staircase to the Ecumenical Temple.
  2464 | Temple   | Entered the Ecumenical Temple
  2625 | D:4      | Found a large runed translucent door.
  2626 | D:4      | Found a large runed translucent door.
  2638 | D:4      | Found a shimmering blue altar of Sif Muna.
  2739 | D:4      | Found a basalt altar of Yredelemnul.
  2865 | D:4      | Found Jeffa's Antique Weapon Shop.
  2960 | D:4      | Found a glowing silver altar of Zin.
  2995 | D:4      | Found Ewun Xao's Antique Armour Shoppe.
  3173 | D:5      | Entered Level 5 of the Dungeon
  3187 | D:5      | Noticed a sky beast
  3197 | D:5      | Killed a sky beast
  3198 | D:5      | Reached skill level 7 in Unarmed Combat
  3198 | D:5      | Reached XP level 7. HP: 46/52 MP: 12/15
  3784 | D:6      | Noticed a steam dragon
  3795 | D:6      | Killed a steam dragon
  3796 | D:6      | Reached XP level 8. HP: 20/60 MP: 12/16
  4501 | D:6      | Noticed Prince Ribbit
  4506 | D:6      | Killed Prince Ribbit
  4507 | D:6      | Reached skill level 5 in Transmutations
  4540 | D:6      | Reached XP level 9. HP: 66/66 MP: 18/18
  5158 | D:7      | Reached skill level 5 in Fighting
  5527 | D:7      | Reached skill level 8 in Unarmed Combat
  5753 | D:7      | Reached skill level 5 in Invocations
  5782 | D:7      | Learned a level 3 spell: Frozen Ramparts
  6291 | D:8      | Noticed Grum
  6306 | D:8      | Killed Grum
  6308 | D:8      | Reached skill level 5 in Short Blades
  6308 | D:8      | Reached skill level 5 in Long Blades
  6308 | D:8      | Reached skill level 5 in Axes
  6308 | D:8      | Reached skill level 5 in Maces & Flails
  6308 | D:8      | Reached skill level 5 in Polearms
  6308 | D:8      | Reached skill level 5 in Staves
  6308 | D:8      | Reached skill level 5 in Ranged Weapons
  6308 | D:8      | Reached skill level 5 in Throwing
  6308 | D:8      | Reached skill level 5 in Armour
  6308 | D:8      | Reached skill level 5 in Stealth
  6308 | D:8      | Reached skill level 5 in Shields
  6308 | D:8      | Reached skill level 5 in Evocations
  6308 | D:8      | Reached XP level 10. HP: 21/76 MP: 12/20
  6418 | D:8      | Found a snail-covered altar of Cheibriados.
  6418 | D:8      | Found a blossoming altar of Fedhas.
  6422 | D:8      | Became a worshipper of Cheibriados the Contemplative
  6783 | D:8      | Found a sand-covered staircase.
  6807 | Ossuary  | Entered an ossuary
  6861 | Ossuary  | Reached * piety under Cheibriados
  7235 | D:8      | Identified the staff of poison "Isyeg" {rElec rPois Will+
                  | Dex+5}
  7627 | D:9      | HP: 3/76 [killer bee (3)]
  7628 | D:9      | Succumbed to a killer bee's poison

Illustrated notes

Levels and vault maps discovered:
D:1:      roderic_octagonal_star, layout_rooms
D:2:      layout_basic, basic_altar, minmay_tetromino_l2
D:3:      layout_loops_ring, serial_shops, nicolae_diamond_shop,
          minmay_pentomino_pile
D:4:      layout_loops_cross, zin_scriptorium, jmf_multi_god_temple2,
          temple_hall, serial_shops, nicolae_square_shop, nicolae_square_shop,
          nrook_mini_vaults, reono_crystal_passage
D:5:      layout_gridville
D:6:      layout_basic, serial_park_tiny_1, minmay_a_box_with_orc_wizards_in_it,
          uniq_prince_ribbit1
D:7:      layout_layer_cave
D:8:      layout_loops_ring, gammafunk_temple_overflow_wave,
          nicolae_ossuary_entry_catacombs, uniq_grum
D:9:      layout_long_grid, marbit_many_paths, mainiacjoe_overflow_catwalk,
          enter_bailey_6, nicolae_stop_n_shop_1,
          hangedman_decor_clover_reticule, uniq_maggie
Temple:   jpeg_temple_clearing

Skill      XL: |  1  2  3  4  5  6  7  8  9 10 |
---------------+-------------------------------+-----
Spellcasting   | 5 6 7 |  7.6
Invocations    | 1 2 3 4 5 6 |  6.1
Short Blades   | 1 2 3 5 |  5.6
Long Blades    | 1 2 3 5 |  5.6
Axes           | 1 2 3 5 |  5.6
Maces & Flails | 1 2 3 5 |  5.6
Polearms       | 1 2 3 5 |  5.6
Staves         | 1 2 3 5 |  5.6
Ranged Weapons | 1 2 3 5 |  5.6
Throwing       | 1 2 3 5 |  5.6
Armour         | 1 2 3 5 |  5.6
Stealth        | 1 2 3 5 |  5.6
Shields        | 1 2 3 5 |  5.6
Evocations     | 1 2 3 5 |  5.6
Conjurations   | 1 2 3 4 |  4.6
Hexes          | 1 2 3 4 |  4.6
Summonings     | 1 2 3 4 |  4.6
Necromancy     | 1 2 3 4 |  4.6
Translocations | 1 2 3 4 |  4.6
Fire Magic     | 1 2 3 4 |  4.6
Ice Magic      | 1 2 3 4 |  4.6
Air Magic      | 1 2 3 4 |  4.6
Earth Magic    | 1 2 3 4 |  4.6
Poison Magic   | 1 2 3 4 |  4.6
Fighting       | 3 4 5 6 |  6.2
Transmutations | 4 5 6 |  6.0
Dodging        | 5 6 7 |  7.3
Unarmed Combat | 7 8 |  8.7

Action                     |  1- 3 |  4- 6 |  7- 9 | 10-12 || total
---------------------------+-------+-------+-------+-------++-------
  Melee: Unarmed           |    95 |   165 |   285 |   232 ||   777
         Bite              |     7 |    14 |    25 |    45 ||    91
         Headbutt          |     1 |       |       |       ||     1
         Punch             |     2 |       |       |       ||     2
   Cast: Beastly Appendage |     4 |     1 |       |       ||     5
         Wereblood         |     3 |     2 |     8 |     9 ||    22
         Spider Form       |       |     3 |     2 |       ||     5
         Ice Form          |       |       |     7 |     1 ||     8
         Frozen Ramparts   |       |       |     2 |     4 ||     6
 Invoke: Bend Time         |       |       |       |     1 ||     1
    Use: Potion            |       |       |       |     3 ||     3
   Stab: Sleeping          |     2 |       |     1 |       ||     3
 Armour: Robe              |    19 |       |    17 |    53 ||    89
         Leather armour    |       |    30 |    27 |       ||    57
         Skin              |       |       |    16 |     6 ||    22
  Dodge: Dodged            |    47 |    82 |   165 |   174 ||   468
  Block: Kite shield       |       |    10 |       |       ||    10
